Cogmind - Beta 12 --- EXPLORER MODE // 2023.12.13 @ 21:09:07 Player: Olexender Result: Destroyed by B-90 Cyclops with Nova Cannon Performance ------------- Evolutions (5) 2500 Regions Visited (10) 2000 Robots Destroyed (209) 1045 Value Destroyed (8555) 8555 Prototype IDs (6) 120 Alien Tech Used (0) 0 Bonus (2119) 2119 TOTAL SCORE: 16339 Bonus ------- High Alert Combat Kills 719 Entered Garrisons 400 Used RIF Installer 500 Entered DSFs 500 Cogmind --------- Core Integrity 0/1000 Matter 89/300 Energy 41/100 System Corruption 0% Temperature Critical (650) Movement Core (50) Location -5/Garrison Parts ------- > --- POWER (2) -------- (None) > --- PROPULSION (7) --- (None) > --- UTILITY (7) ------ (None) > --- WEAPON (2) ------- (None) > --- INVENTORY (5) ---- Energy Well (59) High-capacity Matter Pod (200) Matter Filter Improved System Restoration Module Improved System Restoration Module Peak State ------------ > --- POWER ------------ Neutrino Core Light Antimatter Reactor > --- PROPULSION ------- Flexi-carbon Leg Armored Leg Armored Leg Armored Leg Armored Leg Armored Leg Improved VSS Leg > --- UTILITY ---------- Improved Cooling System High-capacity Storage Unit Active Sensor Suite Layered Medium Armor Plating Improved System Shield > --- WEAPON ----------- Hypervelocity Gauss Cannon Hypervelocity Gauss Cannon > --- INVENTORY -------- Neutrino Core Flexi-carbon Leg Improved Cryofiber Web Advanced Heat Sink Energy Well Energy Well High-capacity Matter Pod Advanced Weight Redist. System Matter Filter Improved Medium Armor Plating Layered Medium Armor Plating Improved Shield Generator Point Defense System Improved System Restoration Module Improved System Restoration Module Plasma Rifle Plasma Rifle KE Penetrator Long-range Missile Launcher Power Sword [Rating: 111] Favorites ----------- Power Nuclear Core Engine Deuterium Engine Power Core Nuclear Core Reactor Light Antimatter Reactor Propulsion Improved Carbon-fiber Leg Leg Improved Carbon-fiber Leg Utility Large Storage Unit Device Improved Shield Generator Storage Large Storage Unit Hackware Hacking Suite Protection Hardened Medium Armor Plating Weapon Heavy Assault Rifle Energy Gun Particle Gun Ballistic Gun Heavy Assault Rifle Ballistic Cannon Magnetic Acceleration Cannon Launcher Missile Launcher Slashing Weapon Scythe Build | -11 -10 -9 -8 -8 -8 -7 -7 -6 -5 -5 ------- Run | Jun Mat Mat Mat Sto Gar Fac DSF Fac Fac Gar Slots Evolved 11 | . 1 2 2 . . 2 . 2 2 . Power 1 | . 1 . . . . . . . . . Propulsion 5 | . . 1 1 . . 1 . 1 1 . Utility 5 | . . 1 1 . . 1 . 1 1 . Weapon . | . . . . . . . . . . . Parts Attached 202 | 8 14 17 25 16 32 . 15 37 4 34 Power 35 | 1 5 2 3 1 10 . 2 7 1 3 Engine 15 | 1 5 2 2 1 3 . 1 . . . Core 18 | . . . 1 . 7 . 1 5 1 3 Reactor 2 | . . . . . . . . 2 . . Propulsion 53 | 2 2 7 3 11 5 . 7 8 1 7 Treads . | . . . . . . . . . . . Leg 53 | 2 2 7 3 11 5 . 7 8 1 7 Wheel . | . . . . . . . . . . . Hover . | . . . . . . . . . . . Flight . | . . . . . . . . . . . Utility 64 | 3 1 5 13 1 8 . 5 15 1 12 Device 36 | 1 . 3 7 . 3 . 2 11 . 9 Storage 6 | 1 . . 2 . 1 . . 2 . . Processor . | . . . . . . . . . . . Hackware 3 | . . . . . . . . 2 . 1 Protection 19 | 1 1 2 4 1 4 . 3 . 1 2 Artifact . | . . . . . . . . . . . Weapon 50 | 2 6 3 6 3 9 . 1 7 1 12 Energy Gun 17 | 2 3 1 1 1 2 . . 4 1 2 Energy Cannon . | . . . . . . . . . . . Ballistic Gun 18 | . 3 2 3 2 3 . 1 1 . 3 Ballistic Cannon 6 | . . . . . . . . 2 . 4 Launcher 5 | . . . 2 . 1 . . . . 2 Special Weapon . | . . . . . . . . . . . Impact Weapon . | . . . . . . . . . . . Slashing Weapon 4 | . . . . . 3 . . . . 1 Piercing Weapon . | . . . . . . . . . . . Special Melee Weapon . | . . . . . . . . . . . Unidentified Prototypes 4 | . . 1 1 . . . . 2 . . Parts Lost 48 | . . 2 1 4 10 . 2 1 . 28 Power 9 | . . . . 1 4 . 1 . . 3 Propulsion 13 | . . . 1 2 2 . . . . 8 Utility 16 | . . 2 . . 3 . . . . 11 Weapon 10 | . . . . 1 1 . 1 1 . 6 Highest Loss Streak 26 | . . 1 1 2 2 . 1 1 . 26 To Critical Strikes . | . . . . . . . . . . . Average Slot Usage (%) 92 | . 93 96 99 92 96 85 92 88 87 84 Engine 8 | . 19 19 15 11 8 7 7 . . . Core 4 | . . . . 1 5 7 2 9 5 4 Leg 33 | . 25 29 32 29 32 28 34 36 37 36 Device 16 | . 12 20 17 16 14 14 13 16 16 13 Storage 5 | . . . 6 8 8 7 7 5 5 5 Protection 5 | . 11 6 7 7 8 7 13 1 4 4 Energy Gun 7 | . 13 10 8 8 5 7 7 6 5 3 Ballistic Gun 5 | . 10 10 8 8 4 7 6 2 5 3 Ballistic Cannon 1 | . . . . . . . . 3 . 2 Naked Turns 2 | . . . . . . . . . . 2 Heaviest Build 100 | 12 19 31 56 55 55 46 59 82 94 100 Greatest Support 124 | 20 20 30 54 60 60 57 89 112 124 124 Greatest Overweight (x) 2 | . 1 1 1 2 1 . . . . 1 Average Overweight (x) . | . . . . . . . . . . . Largest Inventory Capacity 20 | 10 5 5 15 15 15 15 15 20 20 20 Average Capacity 13 | 5 5 5 13 15 15 15 15 16 20 19 Most Carried 20 | 5 5 5 15 15 15 14 15 20 20 20 Average Carried 12 | 2 3 4 11 14 13 14 13 15 18 19 Final Capacity 20 | 5 5 5 15 15 15 15 15 20 20 5 Final Carried 20 | 1 5 5 15 15 14 14 13 20 20 5 Class Distribution -------------------- 39% | Hacker-Skirmisher 33% | Scavenger-Mutant 26% | Hacker-Mutant Dominant Class ---------------- Hacker-Mutant | -10/Materials Hacker-Mutant | -9/Materials Scavenger-Mutant | -8/Materials Scavenger-Mutant | -8/Storage Scavenger-Mutant | -8/Garrison Scavenger-Mutant | -7/Factory Scavenger-Mutant | -7/DSF Hacker-Skirmisher | -6/Factory Hacker-Skirmisher | -5/Factory Hacker-Skirmisher | -5/Garrison Resources | -11 -10 -9 -8 -8 -8 -7 -7 -6 -5 -5 ----------- Run | Jun Mat Mat Mat Sto Gar Fac DSF Fac Fac Gar Matter Collected 5152 | 155 236 607 495 369 787 . 228 1379 175 721 Remotely . | . . . . . . . . . . . Salvage Created 8765 | . 319 875 835 1271 1237 . 363 2014 663 1188 Parts 438 | . 19 59 55 52 62 . 24 86 35 46 Haulers Intercepted 2 | . . . . 2 . . . . . . Recyclers Shooed 4 | . . . . 1 . . . 2 1 . Parts Field Recycled . | . . . . . . . . . . . Retrieved Matter . | . . . . . . . . . . . Parts Self-Destructed . | . . . . . . . . . . . Prevented . | . . . . . . . . . . . Kills | -11 -10 -9 -8 -8 -8 -7 -7 -6 -5 -5 ------- Run | Jun Mat Mat Mat Sto Gar Fac DSF Fac Fac Gar Combat Hostiles Destroyed 176 | . 7 19 20 20 35 . 8 37 6 24 Melee 10 | . . . . . 7 . . . . 3 Guns 128 | . 7 18 20 20 18 . 8 24 6 7 Cannons 18 | . . . . . . . . 12 . 6 AOE 16 | . . . . . 9 . . . . 7 Classes Destroyed 18 | . 3 6 . 4 3 . 1 1 . . Worker 5 | . . 1 1 2 . . . . 1 . Builder 4 | . . . . 1 . . . . 3 . Tunneler 1 | . . 1 . . . . . . . . Hauler 2 | . . . . 2 . . . . . . Recycler 3 | . . . . 2 . . . . 1 . Operator 5 | . . 3 . . . . . 2 . . Watcher 13 | . 3 3 2 1 1 . . 3 . . Swarmer 25 | . 2 3 6 2 3 . 3 3 . 3 Cutter 2 | . . . . . 2 . . . . . Grunt 84 | . 5 11 8 10 15 . . 21 1 13 Brawler 2 | . . 1 . . . . . . . 1 Duelist 6 | . . 1 . . 3 . . 2 . . Sentry 31 | . . 3 6 6 8 . . 4 2 2 Specialist 5 | . . . . . 1 . 2 . . 2 Hunter 9 | . . . . 2 1 . 2 1 . 3 Programmer 9 | . . . . . . . . 6 3 . Heavy 1 | . . . . . . . 1 . . . Behemoth 2 | . . . . . 2 . . . . . Best Kill Streak 12 | . 4 4 4 8 10 . 4 5 10 12 Combat Bots Only 12 | . 2 3 4 4 9 . 4 5 3 12 Max Kills in Single Turn 3 | . 1 1 1 2 3 . 1 1 2 3 Gunslinging . | . . . . . . . . . . . Exploded 3 | . . . . . 2 . . . . 3 Melee 1 | . . . . . 1 . . . . 1 Uniques/NPCs Destroyed . | . . . . . . . . . . . Combat | -11 -10 -9 -8 -8 -8 -7 -7 -6 -5 -5 -------- Run | Jun Mat Mat Mat Sto Gar Fac DSF Fac Fac Gar Damage Taken 11384 | . 153 671 977 696 1477 . 502 1203 385 5320 Core 1732 | . 17 112 106 111 204 . 52 122 37 971 Absorbed by Shields 1718 | . . . 16 . 452 . 183 485 150 432 Regen/Repaired (Parts) 520 | . 46 64 . 33 . . . 377 . . Core Remaining (%) 77 | 100 93 72 . . 23 . 92 85 . . Volleys Fired 640 | . 26 74 80 73 110 . 34 145 29 69 Largest 2 | . 2 2 2 2 2 . 2 2 2 2 Hottest 128 | . 90 79 88 88 88 . 93 128 108 122 Shots Fired 1171 | . 50 144 145 141 181 . 54 269 54 133 Gun 1027 | . 50 144 145 141 160 . 54 203 54 76 Cannon 117 | . . . . . . . . 66 . 51 Launcher 27 | . . . . . 21 . . . . 6 Special . | . . . . . . . . . . . Kinetic 642 | . 23 74 80 73 95 . 34 145 29 89 Thermal 502 | . 27 70 65 68 65 . 20 124 25 38 Explosive 27 | . . . . . 21 . . . . 6 Electromagnetic . | . . . . . . . . . . . Robot Hit Streak 53 | . 8 20 20 25 32 . 14 53 22 18 Robot Miss Streak 4 | . 2 2 2 2 2 . 2 4 1 2 Penetration Max 2 | . . . . . . . . 1 2 1 Secondary Targets 14 | . 1 3 1 3 2 . 2 . . 2 Max Gunslinging Chain 1 | . 1 1 1 1 1 . 1 . . 1 Shots Hit Robots 970 | . 38 113 117 117 178 . 45 224 49 89 Core Hits 419 | . 17 40 43 56 78 . 16 90 22 57 Critical Kills 27 | . . . . . . . . 11 7 9 Critical Parts Destroyed 33 | . . . . . 1 . . 10 5 17 Critical Strikes 112 | . 1 7 6 2 7 . 1 40 15 33 Burn 40 | . 1 7 6 2 4 . 1 15 1 3 Destroy 65 | . . . . . 1 . . 21 14 29 Blast 4 | . . . . . . . . 4 . . Sever 3 | . . . . . 2 . . . . 1 Melee Attacks 35 | . . . . . 28 . . . . 7 Impact . | . . . . . . . . . . . Slashing 35 | . . . . . 28 . . . . 7 Piercing . | . . . . . . . . . . . Sneak Attacks 1 | . . . . . 1 . . . . . Combat Hostiles 1 | . . . . . 1 . . . . . Follow-up Attacks . | . . . . . . . . . . . Damage Inflicted 19283 | . 497 1557 1800 1810 4644 . 708 4484 782 3001 Guns 13060 | . 497 1557 1800 1805 2032 . 708 2822 782 1057 Cannons 2130 | . . . . . . . . 1662 . 468 Explosions 2937 | . . . . . 1711 . . . . 1226 Melee 1067 | . . . . . 817 . . . . 250 Ramming 89 | . . . . 5 84 . . . . . Kinetic 7741 | . 199 731 1056 811 1202 . 428 2122 216 976 Thermal 7449 | . 298 826 744 994 830 . 280 2362 566 549 Explosive 2937 | . . . . . 1711 . . . . 1226 Electromagnetic . | . . . . . . . . . . . Impact . | . . . . . . . . . . . Slashing 1067 | . . . . . 817 . . . . 250 Piercing . | . . . . . . . . . . . Highest Corruption 3 | . . 1 . 1 1 . . 1 3 3 Average Corruption 1 | . . 1 . 1 1 . . 1 2 1 Corruption Purged 4 | . . . . . . . . 1 . 3 Corruption Blocked . | . . . . . . . . . . . Effects 21 | . . 3 . 3 12 . . 2 . 1 Message Errors 6 | . . . . 1 5 . . . . . Matter Fused 4 | . . . . 1 1 . . 2 . . Heat Flow Errors 2 | . . 2 . . . . . . . . Energy Discharges 3 | . . . . 1 2 . . . . . Parts Fused 1 | . . 1 . . . . . . . . Data Loss (minor) 2 | . . . . . 2 . . . . . Misfires 2 | . . . . . 1 . . . . 1 Weapon Failures 1 | . . . . . 1 . . . . . Overload Shots . | . . . . . . . . . . . Overflow Damage 167 | . . . . . 25 . . 61 . 81 Projectiles 61 | . . . . . . . . 61 . . Explosions 58 | . . . . . . . . . . 58 Melee 48 | . . . . . 25 . . . . 23 Knockbacks 22 | . . . . . . . . 17 . 5 Impact . | . . . . . . . . . . . Kinetic 16 | . . . . . . . . 12 . 4 Secondary 6 | . . . . . . . . 5 . 1 Self-Inflicted Damage 47 | . . . . . 20 . . . . 27 Shots 2 | . . . . . 1 . . . . 1 Rammed . | . . . . . . . . . . . Targets Rammed 13 | . . . . 1 12 . . . . . Kicked 13 | . . . . 1 12 . . . . . Crushed . | . . . . . . . . . . . Highest Temperature 641 | . 378 440 378 11 352 . . 372 13 641 Average Temperature 115 | . 122 128 88 3 75 . . 113 7 191 Received Heat Transfer 5665 | . 96 480 667 369 713 . . 652 70 2618 Effects 18 | . 1 9 1 . 1 . . 2 . 4 Shutdowns 6 | . . 3 . . 1 . . . . 2 Energy Bleed 1 | . . 1 . . . . . . . . Interference 3 | . . 3 . . . . . . . . Matter Decay 4 | . . 1 . . . . . 1 . 2 Short Circuit 1 | . 1 . . . . . . . . . Damage (minor) 3 | . . 1 1 . . . . 1 . . Siege Activations . | . . . . . . . . . . . Robots Corrupted . | . . . . . . . . . . . Combat Hostiles . | . . . . . . . . . . . Parts Fried 1 | . . . . . 1 . . . . . Impact Corruptions 2 | . . . . . 2 . . . . . Robots Melted 3 | . . 1 . . . . . 1 . 1 Combat Hostiles 3 | . . 1 . . . . . 1 . 1 Parts Melted 39 | . 1 2 3 2 5 . . 15 8 3 Heat Transferred 20463 | . 815 2627 2294 2479 2294 . 740 6597 1300 1317 Parts Sabotaged . | . . . . . . . . . . . Parts Stolen . | . . . . . . . . . . . Parts Stripped . | . . . . . . . . . . . Power Chain Reactions . | . . . . . . . . . . . Missiles Intercepted . | . . . . . . . . . . . Alert | -11 -10 -9 -8 -8 -8 -7 -7 -6 -5 -5 ------- Run | Jun Mat Mat Mat Sto Gar Fac DSF Fac Fac Gar Peak Influence 1130 | . 203 349 223 332 1130 440 417 309 338 826 Initial 440 | . . 17 2 33 . 440 237 162 93 181 Average 219 | . 52 169 67 175 722 440 342 81 199 480 Maximum Alert Level 4 | . 1 1 1 1 4 2 2 1 1 3 Low Security (%) 67 | 100 91 52 96 64 15 . . 91 57 14 Level 1 18 | . 8 47 3 35 4 . 89 8 42 40 Level 2 4 | . . . . . 19 100 10 . . 14 Level 3 7 | . . . . . 41 . . . . 30 Level 4 2 | . . . . . 19 . . . . . Level 5 . | . . . . . . . . . . . High Security . | . . . . . . . . . . . Max Security . | . . . . . . . . . . . Sterilizations 1 | . . . . . . . 1 . . . Squads Dispatched 33 | . 2 4 2 2 . . 2 19 2 . Investigation 16 | . 2 1 1 1 . . . 9 2 . Extermination 6 | . . . . . . . . 6 . . Reinforcement 11 | . . 3 1 1 . . 2 4 . . Assault . | . . . . . . . . . . . Garrison . | . . . . . . . . . . . Intercept . | . . . . . . . . . . . Searches Triggered . | . . . . . . . . . . . Construction Impeded . | . . . . . . . . . . . Haulers Reinforced 2 | . . . . . . . . 2 . . Active Scanning Responses 4 | . . . . . . . . 3 . 1 Cargo Convoy Interrupts . | . . . . . . . . . . . Stealth | -11 -10 -9 -8 -8 -8 -7 -7 -6 -5 -5 --------- Run | Jun Mat Mat Mat Sto Gar Fac DSF Fac Fac Gar Distress Signals 12 | . 2 2 2 4 1 . . 1 . . Communications Jammed . | . . . . . . . . . . . Distress Signals . | . . . . . . . . . . . Times Spotted 246 | . 12 26 32 30 44 . 8 47 7 40 Peak Tracking Total 12 | . 4 4 4 5 6 . 3 6 3 12 Tactical Retreats 14 | . . 1 . 1 7 . . 3 . 2 Traps | -11 -10 -9 -8 -8 -8 -7 -7 -6 -5 -5 ------- Run | Jun Mat Mat Mat Sto Gar Fac DSF Fac Fac Gar Traps Triggered 15 | . 5 . 3 2 . . 1 2 . 2 Indirectly . | . . . . . . . . . . . Trap Hack Attempts . | . . . . . . . . . . . Triggered . | . . . . . . . . . . . Disarmed . | . . . . . . . . . . . Reprogrammed 8 | . . 1 1 6 . . . . . . Reused 1 | . . . 1 . . . . . . . Traps Extracted . | . . . . . . . . . . . Installed . | . . . . . . . . . . . Triggered 1 | . . . 1 . . . . . . . Machines | -11 -10 -9 -8 -8 -8 -7 -7 -6 -5 -5 ---------- Run | Jun Mat Mat Mat Sto Gar Fac DSF Fac Fac Gar Machines Disabled 6 | . . . . . 2 . . 4 . . Max in Single Turn 1 | . . . . . 1 . . 1 . . Garrison Access 1 | . . . . . . . . 1 . . Phase Generator 1 | . . . . . 1 . . . . . Machines Repaired . | . . . . . . . . . . . Machines Sabotaged . | . . . . . . . . . . . Overloaded Fab Kills . | . . . . . . . . . . . Hacking | -11 -10 -9 -8 -8 -8 -7 -7 -6 -5 -5 --------- Run | Jun Mat Mat Mat Sto Gar Fac DSF Fac Fac Gar Machines Accessed 66 | . 10 8 9 6 4 1 . 21 6 1 Terminals 46 | . 7 6 7 4 4 1 . 13 3 1 Fabricators 2 | . . . . . . . . 2 . . Repair Stations 5 | . 1 1 . 1 . . . 2 . . Recycling Units 8 | . 2 1 1 . . . . 3 1 . Scanalyzers 2 | . . . 1 . . . . . 1 . Garrison Access 3 | . . . . 1 . . . 1 1 . Total Hacks 197 | . 26 28 37 20 8 1 . 61 15 1 Successful 127 | . 16 22 22 14 3 1 . 41 7 1 Failed 70 | . 10 6 15 6 5 . . 20 8 . Catastrophic 3 | . 2 1 . . . . . . . . Database Lockouts . | . . . . . . . . . . . Manual 66 | . 12 10 15 5 . . . 20 4 . Terminals 147 | . 20 25 29 15 8 1 . 39 9 1 Fabricators 4 | . . . . . . . . 4 . . Repair Stations 15 | . 2 2 . 4 . . . 7 . . Recycling Units 21 | . 4 1 3 . . . . 10 3 . Scanalyzers 7 | . . . 5 . . . . . 2 . Garrison Access 3 | . . . . 1 . . . 1 1 . Terminal Hacks 54 | . 4 13 9 8 3 1 . 14 1 1 Record 4 | . . 1 . . . . . 3 . . Part Schematic 3 | . . . . 2 . . . 1 . . Robot Schematic 1 | . . . . . . . . 1 . . Prototype ID Bank 1 | . . 1 . . . . . . . . Open Door 2 | . . . . 1 1 . . . . . Open DSF 2 | . . . . . . 1 . 1 . . Level Access Points 2 | . . 1 . . . . . 1 . . Branch Access Points 1 | . . . . . . . . 1 . . Emergency Access Points 2 | . 1 . . . . . . 1 . . Machine Index 1 | . . . 1 . . . . . . . Fabricator Index 1 | . . . . . . . . 1 . . Unreport Threat 6 | . 1 1 2 1 . . . 1 . . Reprogram Traps 4 | . . 2 1 1 . . . . . . Dispatch Records 1 | . . . . . . . . 1 . . Maintenance Status 3 | . . 3 . . . . . . . . Surveillance Status 1 | . . . . . . . . 1 . . Investigation Status 1 | . 1 . . . . . . . . . Assault Status 1 | . . 1 . . . . . . . . Hauler Manifests 2 | . . . 2 . . . . . . . Registered Components 2 | . . 1 1 . . . . . . . Registered Prototypes 1 | . . . . 1 . . . . . . Zone Layout 9 | . 1 2 2 2 . . . 1 1 . Garrison Registry 1 | . . . . . 1 . . . . . Security Stations 2 | . . . . . 1 . . . . 1 Fabricator Hacks 2 | . . . . . . . . 2 . . Network Status 1 | . . . . . . . . 1 . . Build 1 | . . . . . . . . 1 . . Repair Station Hacks 11 | . 2 2 . 2 . . . 5 . . Scan Component 6 | . 1 1 . 1 . . . 3 . . Repair 5 | . 1 1 . 1 . . . 2 . . Recycling Unit Hacks 14 | . 3 1 2 . . . . 7 1 . Report Inventory 8 | . 2 1 1 . . . . 3 1 . Retrieve Matter 1 | . . . . . . . . 1 . . Retrieve Components 5 | . 1 . 1 . . . . 3 . . Scanalyzer 5 | . . . 3 . . . . . 2 . Insert Component 3 | . . . 2 . . . . . 1 . Analyze 2 | . . . 1 . . . . . 1 . Garrison Access Hacks 3 | . . . . 1 . . . 1 1 . Unlock Access 2 | . . . . 1 . . . . 1 . Seal Access 1 | . . . . . . . . 1 . . Unauthorized Hacks 37 | . 7 6 7 3 . . . 12 2 . Terminals 37 | . 7 6 7 3 . . . 12 2 . Assimilate 1 | . . . . . . . . 1 . . Botnet 36 | . 7 6 7 3 . . . 11 2 . Fabricators . | . . . . . . . . . . . Repair Stations . | . . . . . . . . . . . Recycling Units . | . . . . . . . . . . . Scanalyzers . | . . . . . . . . . . . Garrison Access . | . . . . . . . . . . . Data Cores Recovered 1 | . . . . . . . . 1 . . Used . | . . . . . . . . . . . Hacking Detections 55 | . 8 6 9 5 2 . . 19 6 . Full Trace Events 16 | . 2 2 2 2 . . . 6 2 . Feedback Events 1 | . . . . 1 . . . . . . Corruption 1 | . . . . 1 . . . . . . Feedback Blocked . | . . . . . . . . . . . Robot Schematics Acquired 1 | . . . . . . . . 1 . . Robots Built . | . . . . . . . . . . . Authchips . | . . . . . . . . . . . Time . | . . . . . . . . . . . Total Robot Build Rating . | . . . . . . . . . . . Part Schematics Acquired 5 | . . . 1 2 . . . 1 1 . Parts Built 2 | . . . . . . . . 2 . . Authchips . | . . . . . . . . . . . Time 31 | . . . . . . . . 31 . . Total Part Build Rating 10 | . . . . . . . . 10 . . Parts Repaired 5 | . 1 1 . 1 . . . 2 . . Time 115 | . 26 26 . 19 . . . 44 . . Parts Recycled . | . . . . . . . . . . . Recycled Matter . | . . . . . . . . . . . Retrieved Matter 75 | . . . . . . . . 75 . . Retrieved Components 25 | . 2 . 9 . . . . 14 . . Parts Scanalyzed 3 | . . . 2 . . . . . 1 . Part Schematics Acquired 2 | . . . 1 . . . . . 1 . Parts Damaged . | . . . . . . . . . . . Bothacking | -11 -10 -9 -8 -8 -8 -7 -7 -6 -5 -5 ------------ Run | Jun Mat Mat Mat Sto Gar Fac DSF Fac Fac Gar Used RIF Installer 1 | . . . . . 1 . . . . . Robots Hacked . | . . . . . . . . . . . Non-combat . | . . . . . . . . . . . Combat . | . . . . . . . . . . . Robot Hacks Applied . | . . . . . . . . . . . Relay Couplers Released . | . . . . . . . . . . . Fabnet Peak Effective % . | . . . . . . . . . . . Robots Rewired . | . . . . . . . . . . . Allies Hacked . | . . . . . . . . . . . Hacks Repelled . | . . . . . . . . . . . Allies | -11 -10 -9 -8 -8 -8 -7 -7 -6 -5 -5 -------- Run | Jun Mat Mat Mat Sto Gar Fac DSF Fac Fac Gar Total Allies . | . . . . . . . . . . . Largest Group . | . . . . . . . . . . . Highest-Rated Group . | . . . . . . . . . . . Highest-Rated Ally . | . . . . . . . . . . . Total Orders . | . . . . . . . . . . . Ally Attacks . | . . . . . . . . . . . Total Damage . | . . . . . . . . . . . Kills . | . . . . . . . . . . . Allies Corrupted . | . . . . . . . . . . . Allies Melted . | . . . . . . . . . . . Intel | -11 -10 -9 -8 -8 -8 -7 -7 -6 -5 -5 ------- Run | Jun Mat Mat Mat Sto Gar Fac DSF Fac Fac Gar Robot Analysis Total . | . . . . . . . . . . . Derelict Logs Recovered . | . . . . . . . . . . . Drone Launches . | . . . . . . . . . . . Drone Recoveries . | . . . . . . . . . . . Exploration | -11 -10 -9 -8 -8 -8 -7 -7 -6 -5 -5 ------------- Run | Jun Mat Mat Mat Sto Gar Fac DSF Fac Fac Gar Turns Passed 10741 | 52 798 943 1439 867 1556 21 323 3791 367 584 Spaces Moved 5561 | 40 530 533 655 348 917 19 164 1876 225 254 Core 20 | 15 . . . . . . . . . 5 Treads . | . . . . . . . . . . . Legs 5541 | 25 530 533 655 348 917 19 164 1876 225 249 Wheels . | . . . . . . . . . . . Hover . | . . . . . . . . . . . Flight . | . . . . . . . . . . . Fastest Speed 50 | 50 120 120 120 120 112 112 112 120 121 50 Average Speed 128 | 93 120 123 166 161 118 112 122 120 121 115 Slowest Speed 260 | 120 190 190 190 260 190 112 125 122 121 190 Overloaded Moves . | . . . . . . . . . . . Propulsion Burnouts . | . . . . . . . . . . . Robots Hopped . | . . . . . . . . . . . Cave-ins Triggered . | . . . . . . . . . . . Exploration Rate (%) 46 | 3 98 52 63 50 82 1 88 47 6 22 Regions Visited 10 Branch Regions 1 Pre-discovered Areas . | . . . . . . . . . . . Known Exits Taken 8 | 1 1 1 1 1 . 1 . 1 1 . Unknown Exits Taken . | . . . . . . . . . . . Scrap Searched . | . . . . . . . . . . . Spaces Dug . | . . . . . . . . . . . Terrain Destroyed 260 | . . . . . 170 . . 59 . 31 Melee . | . . . . . . . . . . . Projectile 11 | . . . . . . . . 8 . 3 AOE 246 | . . . . . 170 . . 48 . 28 Terrain Rammed . | . . . . . . . . . . . Walls Destroyed . | . . . . . . . . . . . Machines Disabled . | . . . . . . . . . . . Actions | -11 -10 -9 -8 -8 -8 -7 -7 -6 -5 -5 --------- Run | Jun Mat Mat Mat Sto Gar Fac DSF Fac Fac Gar Total 7954 | 53 640 677 862 510 1156 18 233 3139 266 400 Wait 1234 | . 47 31 67 46 16 . 3 1002 . 22 Move 5553 | 39 529 532 654 348 916 18 163 1875 225 254 Hop . | . . . . . . . . . . . Pick Up 144 | 5 14 10 19 16 26 . 5 41 5 3 Fast Attach 22 | 3 6 3 2 2 2 . 1 3 . . Attach 65 | 5 3 4 5 5 17 . 5 6 2 13 Detach 6 | 1 . . 3 . 1 . . 1 . . Swap 116 | . 5 10 18 9 13 . 9 29 2 21 Drop 121 | . 10 13 14 10 15 . 8 37 3 11 Fire 640 | . 26 74 80 73 110 . 34 145 29 69 Melee 35 | . . . . . 28 . . . . 7 Ram . | . . . . . . . . . . . Kick 13 | . . . . 1 12 . . . . . Crush . | . . . . . . . . . . . Escape Stasis 5 | . . . . . . . 5 . . . Rewire . | . . . . . . . . . . . Trap . | . . . . . . . . . . . Miscellaneous . | . . . . . . . . . . . Route ------- -11/Junkyard -10/Materials (discovered 5 exits: *Mat x3 / *Min x2) -9/Materials (discovered 4 exits: *Mat x3 / *Min) -8/Materials (discovered 3 exits: *Fac / *Sto x2) -8/Storage -8/Garrison (discovered 3 exits: *Fac x3) -7/Factory -7/DSF -6/Factory (discovered 8 exits: *Fac x4 / *Low x2 / Ext x2) -5/Factory (discovered 2 exits: *Fac / Gar) -5/Garrison History --------- Turn | Location | Event 11 | -11/Junkyard | Identified exit to Materials 11 | -11/Junkyard | Discovered exit to Materials (range 16) 53 | -11/Junkyard | Entered Materials 53 | -10/Materials | Evolved 1 slot: Power x1 67 | -10/Materials | Identified exit to Mines 67 | -10/Materials | Discovered exit to Mines (range 12) 88 | -10/Materials | Discovered exit to Mines (range 22) 131 | -10/Materials | Identified exit to Materials 131 | -10/Materials | Discovered exit to Materials (range 3) 304 | -10/Materials | Build established: Hacker-Mutant 396 | -10/Materials | Discovered exit to Materials (range 15) 682 | -10/Materials | Repaired Ion Engine 841 | -10/Materials | Discovered exit to Materials (range 7) 851 | -10/Materials | Entered another Materials area 851 | -9/Materials | Evolved 2 slots: Propulsion x1, Utility x1 1041 | -9/Materials | Identified exit to Materials 1041 | -9/Materials | Discovered exit to Materials (range 10) 1286 | -9/Materials | Identified exit to Mines 1286 | -9/Materials | Discovered exit to Mines (range 11) 1480 | -9/Materials | Repaired Lgt. Armor Plating? 1758 | -9/Materials | Discovered exit to Materials (range 9) 1794 | -9/Materials | Entered another Materials area 1794 | -8/Materials | Evolved 2 slots: Propulsion x1, Utility x1 1798 | -8/Materials | Identified exit to Storage 1798 | -8/Materials | Discovered exit to Storage (range 8) 1942 | -8/Materials | Build established: Scavenger-Mutant 2396 | -8/Materials | Identified exit to Factory 2396 | -8/Materials | Discovered exit to Factory (range 3) 3136 | -8/Materials | Discovered exit to Storage (range 15) 3233 | -8/Materials | Entered Storage 3797 | -8/Storage | Repaired Imp. Heat Sink 4100 | -8/Storage | Identified exit to Garrison 4100 | -8/Storage | Entered Garrison 4152 | -8/Garrison | Triggered checkpoint 4163 | -8/Garrison | Build established: Hacker-Mutant 4211 | -8/Garrison | Discovered exit to Factory (range 55) 4211 | -8/Garrison | Discovered exit to Factory (range 91) 4211 | -8/Garrison | Discovered exit to Factory (range 38) 4240 | -8/Garrison | Triggered checkpoint 4339 | -8/Garrison | Spotted B-75 Beast 4339 | -8/Garrison | Spotted B-75 Beast 4344 | -8/Garrison | Core integrity fell below 50% 4361 | -8/Garrison | Destroyed B-75 Beast 4380 | -8/Garrison | Destroyed B-75 Beast 4380 | -8/Garrison | Triggered checkpoint 4431 | -8/Garrison | Destroyed 9 combat bots 4505 | -8/Garrison | Phase Generator disabled 4632 | -8/Garrison | Triggered checkpoint 4636 | -8/Garrison | Triggered checkpoint 4714 | -8/Garrison | Triggered checkpoint 4756 | -8/Garrison | Installed Relay Interface Framework 4915 | -8/Garrison | Build established: Scavenger-Mutant 4930 | -8/Garrison | Triggered checkpoint 5046 | -8/Garrison | Learned Factory security intel 5198 | -8/Garrison | Triggered checkpoint 5339 | -8/Garrison | Triggered checkpoint 5656 | -8/Garrison | Entered Factory 5656 | -7/Factory | Evolved 2 slots: Propulsion x1, Utility x1 5676 | -7/Factory | Identified exit to DSF 5677 | -7/Factory | Entered DSF 5710 | -7/DSF | Additional patrols routed to DSF 5831 | -7/DSF | Found Prototype Device 5937 | -7/DSF | Identified exit to Factory 5937 | -7/DSF | Discovered exit to Factory (range 16) 5976 | -7/DSF | Sterilization system engaged 5996 | -7/DSF | Ambient heat levels rising (+10) 6000 | -7/DSF | Entered Factory 6000 | -6/Factory | Evolved 2 slots: Propulsion x1, Utility x1 6197 | -6/Factory | Identified exit to Lower Caves 6197 | -6/Factory | Discovered exit to Lower Caves (range 15) 6198 | -6/Factory | Build established: Hacker-Mutant 6456 | -6/Factory | Identified Active Sensor Suite 6467 | -6/Factory | Identified exit to Extension 6493 | -6/Factory | Identified exit to Factory 6493 | -6/Factory | Discovered exit to Factory (range 5) 6745 | -6/Factory | Build established: Hacker-Skirmisher 6974 | -6/Factory | Repaired Lrg. Storage Unit 7676 | -6/Factory | Fabricated Magnetic Acceleration Cannon (x2) 9331 | -6/Factory | Repaired Lgt. Antimatter Reactor 9791 | -6/Factory | Entered another Factory area 9791 | -5/Factory | Evolved 2 slots: Propulsion x1, Utility x1 9842 | -5/Factory | Identified exit to Factory 9842 | -5/Factory | Discovered exit to Factory (range 5) 10158 | -5/Factory | Identified exit to Garrison 10158 | -5/Factory | Entered Garrison 10363 | -5/Garrison | Triggered checkpoint 10387 | -5/Garrison | Learned Factory security intel 10444 | -5/Garrison | Triggered checkpoint 10446 | -5/Garrison | Triggered checkpoint 10546 | -5/Garrison | Destroyed 12 combat bots 10562 | -5/Garrison | Triggered checkpoint 10706 | -5/Garrison | Spotted B-90 Cyclops 10735 | -5/Garrison | Core integrity fell below 50% 10740 | -5/Garrison | Released all parts (1) 10741 | -5/Garrison | Core integrity fell below 20% 10742 | -5/Garrison | Destroyed by B-90 Cyclops with Nova Cannon Last Messages --------------- 10731_ Penetrated by Slug. 10732_ Slug penetrates Wall. 10732_ Adv. Heat Sink destroyed. 10733_ Wall collapses. 10733_ Penetrated by Slug. 10733_ Lyr. Medium Armor Plating destroyed. 10733_ B-90 Cyclops suffers critical hit (Destroy). 10734_ Point Defense System destroyed. 10734_ Hyp. Gauss Cannon destroyed. 10734_ Penetrated by Slug. 10734_ Imp. Cryofiber Web destroyed. 10734_ Penetrated by Slug. 10738_ HV Slug penetrates B-90 Cyclops. 10738_ B-90 Cyclops suffers critical hit (Destroy). 10738_ Penetrated by Slug. 10738_ Hyp. Gauss Cannon destroyed. 10738_ Penetrated by Slug. 10739_ Overheating: Matter decay (-25). 10739_ Penetrated by Slug. 10740_ Released Hcp. Storage Unit. Map ----- +----------------------------------------------------+ | ?????????????????????????????????????????????????? | | ?????????????????????????????????????????????????? | | ?????????????????????????????????????????????????? | | ?????????????????????????????????????????????????? | | ?????????????????????????????????????????????????? | | ?????????????????????????????????????????????????? | | ?????????????????????????????????????????????????? | | ?????????????????????????????????????????????????? | | ?????????????????????????????????????????????????? | | ?????????????????????????????????????????????????? | | ?????????????????????????????????#####???????????? | | ????????????????????????????????? #???#???????? | | ?????????????????????????######## ###+##??????? | | ??????????????????????#### ####???? | | ?????????????????????? ????? | | ???????????????????????? = ?????? | | ??????????????????###?????? %= # "??????? | | ??????????????????# ######## ! # ###????? | | ??????????????????# " % %x * #????? | | ??????????????????######## BB= h #????? | | ??????????????????????#### xBB*hx #????? | | ############??????????# " [%! ^^ #????? | | """" ##!==*###??????????#### !=% ## ^^###????? | | *!%=#????????#?# !!!/ ## ######## | | """" ##!==%#!########## ## !!!= Y | | ############[; @ = Y | | ???????????# #### ######## | | ???????????# #??# #?????# # ############# | | ???????????# #??#=#????# # #=* # #???????????? | | #######????# #??#%##??# ## # #######???????????? | | #"""""#????# #??#*!#??###?### #?????????????????? | | ?# ####### ####"##????????# %#?????????????????? | | ?# ==%#?????????#% #?????????????????? | | ?## ####### ### #?????????# %#?????????????????? | | ??# ##????# #?#=#?????????# %#?????????????????? | | ??# "#????##"##?#*#?????????# #?????????????????? | | ??# T#?????# #??# ########### #?????????????????? | | ??#""#?????# ####== #?????????????????? | | ??####?????# "* #?????????????????? | | ???????????####### ############?????????????????? | | ?????????????????# #????????????????????????????? | | ?????????????????# #????????????????????????????? | | ?????????????????# #????????????????????????????? | | ?????????????????# #????????????????????????????? | | ?????????????????# #????????????????????????????? | | ?????????????????# #????????????????????????????? | | ?????????????????# #????????????????????????????? | | ???????????????### #????????????????????????????? | | ???????????????# #????????????????????????????? | | ???????????????# #????????????????????????????? | +----------------------------------------------------+ Best States ------------- Heat Dissipation 67 Coolant Potential 80 Energy Generation 35 Energy Capacity 525 Matter Stores 300 Matter Capacity 300 Sight Range 16 Robot Scan Range 20 Terrain Scan Density 10 Additional Mass Support 9 Base Temperature (-) 150 Armor Coverage 450 Resistance: KI 35 Resistance: TH 35 Resistance: EX 35 Resistance: EM 35 Resistance: I 35 Resistance: S 35 Resistance: P 35 Point Defense Rating 80 Evasion (%) 55 Offensive Hacking 30 Defensive Hacking 12 Item Schematics ----------------- Rocket Launcher | -8/Materials | Scanalyzed Imp. System Shield | -8/Storage | Hacked Titanium Leg | -8/Storage | Hacked Force Lance | -6/Factory | Hacked Neutrino Core | -5/Factory | Scanalyzed Robot Schematics ------------------ E-15 Imp | -6/Factory | Hacked Fabricated ------------ Magnetic Acceleration Cannon | x2 | -6/Factory | Preloaded Alien Tech Used ----------------- None Achievements -------------- None Challenges ------------ None Game ------ Seed GreatAlertCanceller Manual? 0 Play Time 03:04:50 Cumulative 179.7 hours Start 2023.12.01 @ 08:18:39 End 2023.12.13 @ 21:09:07 Sessions 11 Manual Loads 0 Difficulty Explorer Special Mode None Game No. 137 Rogue 0 Adventurer 102 Explorer 35 Win Type - Total 0 Types 0/0/0/0/0/0/0/0/0 Lore% 47 Gallery% 61 Achievement% 47 Wizard Run 0 Options --------- ASCII 0 Keyboard 0 Movement Mouse Keybinds 0 Fullscreen 1 Font 24/Smallcaps Map View 76x50 Tactical HUD 1 Map Filters NONE Filters NONE Steam 1 RUN: 5e3b6345-b935-459e-8a55-edd25a3a7c33